 Dungeon Crawl Stone Soup version 0.31-a0-246-g8cbcc1cb85 (webtiles) character file.

Game seed: 10499019527189422683

247 LeprechaunX the Changeling (level 6, -1/39 HPs)
             Began as an Octopode Shapeshifter on July 12, 2023.
             Slain by Blork the orc
             ... wielding a +0 trident
              (8 damage)
             ... on level 4 of the Dungeon.
             The game lasted 00:04:36 (2191 turns).

LeprechaunX the Changeling (Octopode Shapeshifter)  Turns: 2191, Time: 00:04:37

Health: -1/39      AC:  1    Str: 14    XL:     6   Next: 11%
Magic:  6/6        EV: 13    Int: 11    God:
Gold:   122        SH:  0    Dex: 14    Spells: 5/5 levels left

rFire   . .          .
                       - Unarmed
rCold   . . .        (no shield)
rNeg    . . .        q - melded +2 hat
rPois   .            (no amulet)
rElec   .            (no ring)
rCorr   .            (no ring)
SInv    .            (no ring)
Will    .....        (no ring)
Stlth   ++           (no ring)
HPRegen 0.26/turn    (no ring)
MPRegen 0.10/turn    (no ring)
                     (no ring)

%: no passive effects
@: beast-form
A: beast (slay +3), almost no armour, amphibious, 8 rings, camouflage 1,
gelatinous body 1, (nimble swimmer 1), tentacles
a: no special abilities


You were on level 4 of the Dungeon.
You were a hulking beast.
You visited 1 branch of the dungeon, and saw 4 of its levels.

You collected 122 gold pieces.

Inventory:

Hand Weapons
 b - a +0 sling
Armour
 q - a +2 hat (melded)
Talismans
 j - a blade talisman
 m - a beast talisman
Scrolls
 d - a scroll of blinking {unknown}
 f - 3 scrolls of identify {unknown}
 i - a scroll of teleportation {unknown}
 k - a scroll of vulnerability {unknown}
 n - a scroll of enchant armour {unknown}
 o - a scroll of poison {unknown}
 r - a scroll of amnesia {unknown}
Potions
 a - a potion of lignification
 c - a potion of enlightenment {unknown}
 e - a potion of degeneration {unknown}
 g - 2 potions of curing {unknown}
 h - a potion of cancellation {unknown}
 l - a potion of brilliance {unknown}
 p - 2 potions of magic {unknown}


   Skills:
 - Level 2.2 Fighting
 - Level 2.3 Dodging
 + Level 3.8 Unarmed Combat
 * Level 4.8 Shapeshifting


You had 5 spell levels left.
You didn't know any spells.
Your spell library contained the following spells:

 Spells                   Type           Power      Damage    Failure   Level
 Hailstorm                Conj/Ice       0%         3d3       71%         3
 Summon Ice Beast         Ice/Summ       0%         N/A       98%         4
 Simulacrum               Ice/Necr       0%         N/A       100%        6


Dungeon Overview and Level Annotations

Branches:
Dungeon (4/15)
 Temple: D:4-7

Altars:
Xom
Yredelemnul

Annotations:
D:4 Blork the orc


Innate Abilities, Weirdness & Mutations

You are a hulking beast.
Your limbs bulge with bestial killing power. (Slay +3)
You cannot wear most types of armour.
You are amphibious.
You can wear up to eight rings at the same time.
Your skin changes colour to match your surroundings (Stealth+).
Your rubbery body absorbs attacks. (AC +1, EV +1)
((You are camouflaged when in or above water. (Stealth+)))
You have tentacles for arms and can constrict up to eight enemies at once.


Message History

You squeeze the orc priest!
You kill the orc priest!
You have reached level 6!
An orc comes into view. It is wielding a +0 club.
Blork the orc hits you from afar with a +0 trident!
Things that are here:
a +0 mace; an orc corpse You tentacle-slap the orc.
Your grab misses the orc.
The orc is moderately wounded.
The orc barely misses you.
Blork the orc looks angry.
Blork the orc barely misses you.
You bludgeon the orc!
You kill the orc!
Blork the orc misses you.
You bludgeon the orc!
You kill the orc!
Blork the orc casts a spell at you. The puff of frost hits you!
Blork the orc screams, "I'm going to kill you!"
Blork the orc points at you and mumbles some strange words.
The magic dart hits you!
Items here: )) [ †.
You are too injured to fight recklessly!
You are too injured to fight recklessly!
You are too injured to fight recklessly!
You are too injured to fight recklessly!
You bludgeon Blork the orc! You grab Blork the orc.
Blork the orc is moderately wounded.
You constrict Blork the orc. Blork the orc closely misses you.
You tentacle-slap Blork the orc.
Blork the orc is heavily wounded.
You constrict Blork the orc.
Blork the orc hits you with a +0 trident!
* * * LOW HITPOINT WARNING * * *
You tentacle-slap Blork the orc.
Blork the orc is heavily wounded.
You constrict Blork the orc.
Blork the orc hits you with a +0 trident!
You die...

###### .# .. #..(.# .#
#.. #....# .. ...
####....######## .##.#
....).......... ....
####....###..# ..#
####....###..####..#
..............))ho.#
##########...#####......
#....... ....# ....#####
##.. ###..# . #... #....
#.###


You could see Blork the orc.

Vanquished Creatures
  A hound (D:4)
  3 orc priests (D:4)
  A sleepcap (D:3)
  2 adders
  An ufetubus (D:4)
  A dart slug (D:2)
  5 orcs (D:4)
  3 ball pythons
  9 bats
  4 endoplasms
  3 giant cockroaches
  9 goblins
  5 hobgoblins
  2 jackals (D:1)
  2 quokkas
  2 frilled lizards
  8 kobolds
  10 rats
  A butterfly (D:3)
72 creatures vanquished.

Notes
Turn   | Place    | Note
-------+----------+-------------------------------------------
     0 | D:1      | LeprechaunX the Octopode Shapeshifter began the quest for
                  | the Orb.
     0 | D:1      | Reached XP level 1. HP: 14/14 MP: 1/1
   112 | D:1      | Reached XP level 2. HP: 19/19 MP: 2/2
   325 | D:1      | Reached XP level 3. HP: 24/24 MP: 3/3
  1104 | D:2      | Reached XP level 4. HP: 26/29 MP: 4/4
  1457 | D:3      | Found a basalt altar of Yredelemnul.
  1469 | D:3      | Reached skill level 4 in Shapeshifting
  1533 | D:3      | Found a shimmering altar of Xom.
  2014 | D:4      | Reached XP level 5. HP: 31/34 MP: 5/5
  2179 | D:4      | Noticed Blork the orc
  2184 | D:4      | Reached XP level 6. HP: 39/39 MP: 6/6
  2191 | D:4      | Slain by Blork the orc

Illustrated notes

Levels and vault maps discovered:
D:1:      dpeg_arrival_simpleton_a, layout_rooms
D:2:      layout_basic
D:3:      layout_basic, xom_butterflies, mainiacjoe_overflow_brackets
D:4:      layout_basic, serial_bayou_ford_a, uniq_blork_the_orc

Skill      XL: |  1  2  3  4 |
---------------+-------------+-----
Unarmed Combat | 3 |  3.8
Shapeshifting  | 4 |  4.8
Fighting       | |  2.2
Dodging        | |  2.3

Action                     |  1- 3 |  4- 6 || total
---------------------------+-------+-------++-------
  Melee: Unarmed           |    64 |    46 ||   110
         Tentacles         |    19 |    10 ||    29
         Constrict         |    23 |    15 ||    38
         Punch             |     1 |       ||     1
   Fire: Sling             |       |     2 ||     2
   Stab: Sleeping          |     5 |     4 ||     9
 Armour: Skin              |     8 |       ||     8
  Dodge: Dodged            |    33 |    18 ||    51
         Form:             |       |     1 ||     1
         Beast             |       |     1 ||     1

Table legend: (Time is in decaauts)
 A = Elapsed time spent in this place.
 B = Non-inter-level travel time spent in this place.
 C = Inter-level travel time spent in this place.
 D = Time resting spent in this place.
 E = Time spent auto-exploring this place.
 F = Levels seen in this place.
 G = Mean time per level.
                   A        B        C        D        E       F      G
               +--------+--------+--------+--------+--------+-----+--------+
         Total |   2183 |   2046 |    137 |      0 |   1656 |   4 |  545.8 |
       Dungeon |   2183 |   2046 |    137 |      0 |   1656 |   4 |  545.8 |
               +--------+--------+--------+--------+--------+-----+--------+

Top non-repeatable levels by time:
     D:2: 804 daAuts
     D:3: 659 daAuts
     D:1: 484 daAuts
     D:4: 236 daAuts
